HSSL
BILLINGS WEST HS GOLDEN BEARS @ TULSA HS AS
04/03/2029
 
TOP OF THE 1ST
Billings West HS Golden Bears batting - Pitching for Tulsa HS As : RHP Maurice Griffin
Pitching: RHP Maurice Griffin
Batting: RHB Larry Olson 0-0: Ball
1-0: Called Strike
1-1: Ball
2-1: Swinging Strike
2-2: Ball
3-2: Foul Ball, location: 2F
3-2: Foul Ball, location: 2F
3-2: Strikes out swinging
Batting: LHB Cristián Paredes 0-0: Ball
1-0: DOUBLE (Line Drive, 5D)
Batting: LHB Jeremy Thompson 0-0: Ball
1-0: Swinging Strike
1-1: Ball
2-1: Called Strike
2-2: Strikes out swinging
Batting: LHB Carter Coleman 0-0: Fly out, F7 (Line Drive, 7D)
Top of the 1st over - 0 runs, 1 hit, 0 errors, 1 left on base; Billings West HS 0 - Tulsa HS 0
BOTTOM OF THE 1ST
Tulsa HS As batting - Pitching for Billings West HS Golden Bears : LHP Jesús Barrera
Pitching: LHP Jesús Barrera
Batting: LHB Matt Clark 0-0: Called Strike
0-1: Called Strike
0-2: Strikes out swinging
Batting: LHB Mark Wheeler 0-0: Ball
1-0: Ground out 6-3 (Groundball, 6S)
Batting: RHB Grant Kelly 0-0: Called Strike
0-1: Ball
1-1: Ground out 6-3 (Groundball, 6)
Bottom of the 1st over - 0 runs, 0 hits, 0 errors, 0 left on base; Billings West HS 0 - Tulsa HS 0
TOP OF THE 2ND
Billings West HS Golden Bears batting - Pitching for Tulsa HS As : RHP Maurice Griffin
Batting: LHB Simon Morin 0-0: Called Strike
0-1: Ball
1-1: Ball
2-1: Ball
3-1: Base on Balls
Batting: RHB Rob Miller 0-0: Ball
1-0: Foul Ball, location: 2F
1-1: Foul Ball, location: 2F
1-2: Grounds into double play, 4-6-3 (Groundball, 4)
Batting: LHB Roy Jones 0-0: Foul Ball, location: 2F
0-1: DOUBLE (Line Drive, 9LM)
Batting: RHB Rod Zamora 0-0: Ball
1-0: Ball
2-0: SINGLE (Groundball, 56D)
Roy Jones to third
Runner from 3rd tries for Home, SAFE, throw made home
Rod Zamora to second
Batting: SHB Mike Hooper 0-0: Fly out, F9 (Flyball, 89D)
Top of the 2nd over - 1 run, 2 hits, 0 errors, 1 left on base; Billings West HS 1 - Tulsa HS 0
BOTTOM OF THE 2ND
Tulsa HS As batting - Pitching for Billings West HS Golden Bears : LHP Jesús Barrera
Batting: RHB Ralph Young 0-0: Ball
1-0: Fly out, F7 (Line Drive, 7)
Batting: SHB José Hernández 0-0: Called Strike
0-1: Called Strike
0-2: Ball
1-2: Ball
2-2: Ball
3-2: DOUBLE (Flyball, 78D)
Batting: LHB Dave Leclair 0-0: Swinging Strike
0-1: Foul Ball, location: 2F
0-2: DOUBLE (Flyball, 8LD)
José Hernández scores
Batting: LHB Chris Smith 0-0: 2-RUN HOME RUN (Flyball, 9D), Distance : 402 ft
Batting: RHB Ricky Thomas 0-0: Ball
1-0: Ball
2-0: Ball
3-0: Base on Balls
Batting: LHB Tim Black 0-0: Called Strike
0-1: Ball
1-1: Ball
2-1: Foul Ball, location: 2F
2-2: Foul Ball, location: 2F
2-2: Strikes out swinging
Batting: LHB Matt Clark 0-0: Ground out 4-3 (Groundball, 4MS)
Bottom of the 2nd over - 3 runs, 3 hits, 0 errors, 1 left on base; Billings West HS 1 - Tulsa HS 3
TOP OF THE 3RD
Billings West HS Golden Bears batting - Pitching for Tulsa HS As : RHP Maurice Griffin
Batting: RHB Larry Olson 0-0: Ball
1-0: Foul Ball, location: 2F
1-1: Called Strike
1-2: Strikes out swinging
Batting: LHB Cristián Paredes 0-0: Called Strike
0-1: Called Strike
0-2: Ball
1-2: Ball
2-2: Strikes out looking
Batting: LHB Jeremy Thompson 0-0: Called Strike
0-1: Foul Ball, location: 2F
0-2: Ground out 1-3 (Groundball, P)
Top of the 3rd over - 0 runs, 0 hits, 0 errors, 0 left on base; Billings West HS 1 - Tulsa HS 3
BOTTOM OF THE 3RD
Tulsa HS As batting - Pitching for Billings West HS Golden Bears : LHP Jesús Barrera
Batting: LHB Mark Wheeler 0-0: Ball
1-0: Foul Ball, location: 2F
1-1: Called Strike
1-2: Ball
2-2: Ground out 4-3 (Groundball, 4)
Batting: RHB Grant Kelly 0-0: Swinging Strike
0-1: Called Strike
0-2: SINGLE (Groundball, 56D)
Batting: RHB Ralph Young 0-0: SINGLE (Groundball, 56D)
Grant Kelly to second
Batting: SHB José Hernández 0-0: Called Strike
0-1: Swinging Strike
0-2: Ball
1-2: Strikes out swinging
Batting: LHB Dave Leclair 0-0: Foul Ball, location: 2F
0-1: Foul Ball, location: 2F
0-2: Ball
1-2: Foul Ball, location: 2F
1-2: Fly out, F2 (Popup, 23F)
Bottom of the 3rd over - 0 runs, 2 hits, 0 errors, 2 left on base; Billings West HS 1 - Tulsa HS 3
TOP OF THE 4TH
Billings West HS Golden Bears batting - Pitching for Tulsa HS As : RHP Maurice Griffin
Batting: LHB Carter Coleman 0-0: Called Strike
0-1: Foul Ball, location: 2F
0-2: Strikes out swinging
Batting: LHB Simon Morin 0-0: Ball
1-0: Swinging Strike
1-1: Called Strike
1-2: Ball
2-2: Fly out, F8 (Flyball, 8RD)
Batting: RHB Rob Miller 0-0: Foul Ball, location: 2F
0-1: SINGLE (Line Drive, 34D)
Batting: LHB Roy Jones 0-0: Swinging Strike
0-1: Ball
1-1: Reached on error, E3 (Groundball, 3)
Rob Miller to second
Batting: RHB Rod Zamora 0-0: Foul Ball, location: 2F
0-1: Called Strike
0-2: Foul Ball, location: 2F
0-2: Ball
1-2: Ball
2-2: Ball
3-2: SINGLE (Groundball, 56D)
Rob Miller to third
Roy Jones to second
Rob Miller scores
Roy Jones to third
Batting: SHB Mike Hooper 0-0: Called Strike
0-1: Called Strike
0-2: Ball
1-2: Hit by Pitch
Rod Zamora to second
Batting: RHB Larry Olson 0-0: Called Strike
0-1: Fly out, F5 (Line Drive, 56)
Top of the 4th over - 1 run, 2 hits, 1 error, 3 left on base; Billings West HS 2 - Tulsa HS 3
BOTTOM OF THE 4TH
Tulsa HS As batting - Pitching for Billings West HS Golden Bears : LHP Jesús Barrera
Batting: LHB Chris Smith 0-0: Ball
1-0: Called Strike
1-1: Ball
2-1: Fly out, F7 (Line Drive, 7)
Batting: RHB Ricky Thomas 0-0: SOLO HOME RUN (Flyball, 7LD), Distance : 333 ft
Batting: LHB Tim Black 0-0: Ball
1-0: Ground out 3-1 (Groundball, 34S)
Batting: LHB Matt Clark 0-0: Ball
1-0: Foul Ball, location: 2F
1-1: Ball
2-1: Ball
3-1: Base on Balls
Batting: LHB Mark Wheeler 0-0: Called Strike
Matt Clark is caught stealing 2nd base
Bottom of the 4th over - 1 run, 1 hit, 0 errors, 0 left on base; Billings West HS 2 - Tulsa HS 4
TOP OF THE 5TH
Billings West HS Golden Bears batting - Pitching for Tulsa HS As : RHP Maurice Griffin
Batting: LHB Cristián Paredes 0-0: Foul Ball, location: 2F
0-1: Called Strike
0-2: Fly out, F6 (Popup, 6S)
Batting: LHB Jeremy Thompson 0-0: Called Strike
0-1: Ball
1-1: Foul Ball, location: 2F
1-2: Ball
2-2: Ground out 4-3 (Groundball, 4)
Batting: LHB Carter Coleman 0-0: Called Strike
0-1: Ball
1-1: Foul Ball, location: 2F
1-2: Ball
2-2: SINGLE (Flyball, 78S)
Pitching: RHP John Taylor
Batting: LHB Simon Morin 0-0: Ball
1-0: Swinging Strike
1-1: Swinging Strike
1-2: Ball
2-2: Strikes out swinging
Top of the 5th over - 0 runs, 1 hit, 0 errors, 1 left on base; Billings West HS 2 - Tulsa HS 4
BOTTOM OF THE 5TH
Tulsa HS As batting - Pitching for Billings West HS Golden Bears : LHP Jesús Barrera
Batting: LHB Mark Wheeler 0-0: Ball
1-0: Ball
2-0: SINGLE (Flyball, 7LS)
Batting: RHB Grant Kelly 0-0: Ball
1-0: Foul Ball, location: 2F
1-1: Called Strike
1-2: Foul Ball, location: 2F
1-2: Ball
2-2: Strikes out looking
Batting: RHB Ralph Young 0-0: Ball
1-0: Ball
2-0: Grounds into double play, 4-6-3 (Groundball, 4M)
Bottom of the 5th over - 0 runs, 1 hit, 0 errors, 0 left on base; Billings West HS 2 - Tulsa HS 4
TOP OF THE 6TH
Billings West HS Golden Bears batting - Pitching for Tulsa HS As : RHP John Taylor
Batting: RHB Rob Miller 0-0: Ball
1-0: Ball
2-0: Called Strike
2-1: Foul Ball, location: 2F
2-2: Foul Ball, location: 2F
2-2: Strikes out swinging
Batting: LHB Roy Jones 0-0: Called Strike
0-1: Ball
1-1: Ground out 6-3 (Groundball, 6D)
Batting: RHB Rod Zamora 0-0: Foul Ball, location: 2F
0-1: Foul Ball, location: 2F
0-2: Foul Ball, location: 2F
0-2: Ball
1-2: Ball
2-2: Strikes out looking
Top of the 6th over - 0 runs, 0 hits, 0 errors, 0 left on base; Billings West HS 2 - Tulsa HS 4
BOTTOM OF THE 6TH
Tulsa HS As batting - Pitching for Billings West HS Golden Bears : LHP Jesús Barrera
Batting: SHB José Hernández 0-0: Called Strike
0-1: Fly out, F9 (Flyball, 89M)
Batting: LHB Dave Leclair 0-0: Ball
1-0: Ball
2-0: Ball
3-0: Called Strike
3-1: SINGLE (Flyball, 9LM)
Pitching: LHP Marvin Dailey
Batting: LHB Chris Smith 0-0: SINGLE (Groundball, 4MD)
Dave Leclair to second
Batting: RHB Ricky Thomas 0-0: Ball
1-0: Called Strike
1-1: Ball
2-1: Ball
3-1: Foul Ball, location: 2F
3-2: Foul Ball, location: 2F
3-2: Foul Ball, location: 2F
3-2: Strikes out swinging
Batting: LHB Tim Black 0-0: Ball
1-0: Ground out 4-3 (Groundball, 4)
Bottom of the 6th over - 0 runs, 2 hits, 0 errors, 2 left on base; Billings West HS 2 - Tulsa HS 4
TOP OF THE 7TH
Billings West HS Golden Bears batting - Pitching for Tulsa HS As : RHP John Taylor
Batting: SHB Mike Hooper 0-0: Ball
1-0: Swinging Strike
1-1: Swinging Strike
1-2: Strikes out swinging
Batting: RHB Larry Olson 0-0: Ball
1-0: Foul Ball, location: 2F
1-1: Ball
2-1: Foul Ball, location: 2F
2-2: Ball
3-2: Base on Balls
Pitching: LHP Joe Kirk
Batting: LHB Cristián Paredes 0-0: Ball
1-0: Called Strike
1-1: Ball
2-1: DOUBLE (Line Drive, 8RXD)
Larry Olson to third
Runner from 3rd tries for Home, SAFE, no throw
Batting: LHB Jeremy Thompson 0-0: Foul Ball, location: 2F
0-1: Ball
1-1: Foul Ball, location: 2F
1-2: Foul Ball, location: 2F
1-2: Fly out, F3 (Popup, 3SF)
Pinch Hitting: SHB Christian Goodwin 0-0: Ball
1-0: Called Strike
1-1: Foul Ball, location: 2F
1-2: Ball
2-2: Strikes out swinging
Top of the 7th over - 1 run, 1 hit, 0 errors, 1 left on base; Billings West HS 3 - Tulsa HS 4
BOTTOM OF THE 7TH
Tulsa HS As batting - Pitching for Billings West HS Golden Bears : LHP Marvin Dailey
Now at 1B: Grant Turner
Batting: LHB Matt Clark 0-0: Foul Ball, location: 2F
0-1: Ball
1-1: Fly out, F7 (Flyball, 7LDF)
Batting: LHB Mark Wheeler 0-0: Swinging Strike
0-1: Ball
1-1: SOLO HOME RUN (Flyball, 9D), Distance : 388 ft
Batting: RHB Grant Kelly 0-0: Ground out 5-3 (Groundball, 56S)
Batting: RHB Ralph Young 0-0: Ball
1-0: Called Strike
1-1: Fly out, F9 (Flyball, 9LSF)
Bottom of the 7th over - 1 run, 1 hit, 0 errors, 0 left on base; Billings West HS 3 - Tulsa HS 5
TOP OF THE 8TH
Billings West HS Golden Bears batting - Pitching for Tulsa HS As : LHP Joe Kirk
Batting: LHB Simon Morin 0-0: Ball
1-0: Ball
2-0: Foul Ball, location: 2F
2-1: Ball
3-1: Base on Balls
Pitching: RHP Bill Barnes
Batting: RHB Rob Miller 0-0: SINGLE (Groundball, 56S) (infield hit)
Simon Morin to second
Batting: LHB Roy Jones 0-0: Called Strike
0-1: Fly out, F7 (Flyball, 78M)
Batting: RHB Rod Zamora 0-0: Ball
1-0: SINGLE (Groundball, 5D)
Simon Morin to third
Rob Miller to second
Runner from 3rd tries for Home, SAFE, no throw
Batting: SHB Mike Hooper 0-0: Called Strike
0-1: Ball
1-1: Called Strike
1-2: Ball
2-2: Foul Ball, location: 2F
2-2: Foul Ball, location: 2F
2-2: Foul Ball, location: 2F
2-2: Foul Ball, location: 2F
2-2: Ball
3-2: Base on Balls
Rob Miller to third
Rod Zamora to second
Batting: RHB Larry Olson 0-0: Fly out, F8 (Flyball, 8LD)
Runner from 3rd tags up, SCORES, no throw
Batting: LHB Cristián Paredes 0-0: Called Strike
0-1: Ball
1-1: Ball
2-1: Ball
3-1: Base on Balls
Rod Zamora to third
Mike Hooper to second
Batting: LHB Jeremy Thompson 0-0: Fly out, F8 (Line Drive, 8RXD)
Top of the 8th over - 2 runs, 2 hits, 0 errors, 3 left on base; Billings West HS 5 - Tulsa HS 5
BOTTOM OF THE 8TH
Tulsa HS As batting - Pitching for Billings West HS Golden Bears : LHP Marvin Dailey
Batting: SHB José Hernández 0-0: Called Strike
0-1: Foul Ball, location: 2F
0-2: Ball
1-2: Foul Ball, location: 2F
1-2: Foul Ball, location: 2F
1-2: Ball
2-2: Fly out, F7 (Flyball, 78M)
Batting: LHB Dave Leclair 0-0: Ball
1-0: Ball
2-0: Ball
3-0: Base on Balls
Batting: LHB Chris Smith 0-0: Called Strike
0-1: Ball
1-1: Fly out, F8 (Flyball, 8LD)
Batting: RHB Ricky Thomas 0-0: Ball
1-0: Ball
2-0: Ball
3-0: Called Strike
3-1: Swinging Strike
3-2: Base on Balls
Dave Leclair to second
Pinch Runner at 2nd Raúl García:
Batting: LHB Tim Black 0-0: Ball
1-0: SINGLE (Groundball, 34D)
Raúl García to third
Ricky Thomas to second
Runner from 3rd tries for Home, throw and OUT!
Bottom of the 8th over - 0 runs, 1 hit, 0 errors, 2 left on base; Billings West HS 5 - Tulsa HS 5
TOP OF THE 9TH
Billings West HS Golden Bears batting - Pitching for Tulsa HS As : RHP Bill Barnes
Pitching: RHP Vincent Murphy
Now at 1B: C.J. Pinnock
Pinch Hitting: LHB Alberto Pérez 0-0: Called Strike
0-1: Foul Ball, location: 2F
0-2: Strikes out swinging
Batting: LHB Simon Morin 0-0: Ball
1-0: Called Strike
1-1: Called Strike
1-2: Foul Ball, location: 2F
1-2: Strikes out looking
Batting: RHB Rob Miller 0-0: Ball
1-0: Foul Ball, location: 2F
1-1: Foul Ball, location: 2F
1-2: SOLO HOME RUN (Flyball, 7LD), Distance : 335 ft
Batting: LHB Roy Jones 0-0: Called Strike
0-1: Ball
1-1: Ground out U3 (Groundball, 3L)
Top of the 9th over - 1 run, 1 hit, 0 errors, 0 left on base; Billings West HS 6 - Tulsa HS 5
BOTTOM OF THE 9TH
Tulsa HS As batting - Pitching for Billings West HS Golden Bears : LHP Marvin Dailey
Pitching: LHP Mike Pereira
Now at 1B: Curt Sinclair
Batting: LHB Matt Clark 0-0: Called Strike
0-1: Ball
1-1: Foul Ball, location: 2F
1-2: Foul Ball, location: 2F
1-2: Strikes out swinging
Batting: LHB Mark Wheeler 0-0: Ball
1-0: Ball
2-0: Swinging Strike
2-1: SINGLE (Flyball, 89S)
Batting: RHB Grant Kelly 0-0: Ball
1-0: SINGLE (Groundball, 4MD)
Mark Wheeler to second
Throwing error, E8
Mark Wheeler scores
Grant Kelly to second
Batting: RHB Ralph Young 0-0: Intentional Walk
Batting: SHB José Hernández 0-0: SINGLE (Line Drive, 9S)
Grant Kelly to third
Ralph Young to second
Pitching: LHP Greg Younger
Pinch Hitting: RHB Trent Rowe 0-0: Ball
1-0: Foul Ball, location: 2F
1-1: Ball
2-1: Ball
3-1: Called Strike
3-2: Base on Balls
Grant Kelly scores
Ralph Young to third
José Hernández to second
Saturday, December 16th, 2017 - OOTP Baseball 18.8 Build 76